Map: 네온 바이올렛 스퀘어 - 래더

Players

JinairRogue (Rogue) - Winner!

  • Race: Zerg Zerg
  • Spawn Location: 5:00

Gentleprobe (Cyan)

  • Race: Protoss Protoss
  • League: Master
  • Spawn Location: 11:00

Event: 2018 Hangzhou StarCraft Carnival

VOD

Have the link to the VOD?

Description

Time

  • Played on: April 29, 2018, 3:04 a.m.
  • Length: 10:35

All games in this series

Show
View Real Time Build Order
Export as new Build Order

JinairRogue Zerg - Winner!

Build Orders: Hatch First, Lurkers 

Get SALT Encoding   

  12  0:00  Drone  
  13  0:13  Overlord  
  13  0:18  Drone  
  14  0:32  Drone  
  14  0:33  Drone  
  16  0:50  Hatchery  
  16  0:52  Drone  
  16  0:56  Drone  
  17  1:00  Drone  
  18  1:10  Extractor  
  17  1:15  Spawning Pool  
  16  1:19  Drone  
  16  1:22  Drone  
  18  1:29  Drone  
  20  1:40  Drone  
  20  1:53  Hatchery  
  19  1:55  Drone  
  20  2:02  Drone x2  
  22  2:11  Queen  
  22  2:15  Drone  
  25  2:18  Drone  
  26  2:23  Metabolic Boost  
  26  2:29  Overlord  
  26  2:32  Zergling x2  
  26  2:35  Zergling x2  
  28  2:47  Drone, Queen  
  28  2:48  Drone x2  
  33  2:54  Queen  
  36  2:58  Zergling x2  
  36  3:06  Queen  
  36  3:07  Drone  
  36  3:10  Overlord  
  39  3:15  Drone x2  
  41  3:22  Zergling x2  
  42  3:28  Overlord  
  42  3:29  Drone x4  
  46  3:38  Drone  
  46  3:39  Lair  
  46  3:41  Overlord  
  47  3:48  Spore Crawler  
  47  3:52  Spore Crawler, Drone  
  47  3:53  Drone  
  47  3:54  Spore Crawler  
  45  3:59  Drone x2  
  45  4:00  Drone x2  
  49  4:06  Drone x3  
  49  4:09  Zergling x4  
  54  4:14  Drone x3  
  54  4:18  Drone x2  
  56  4:24  Extractor  
  56  4:25  Overlord, Extractor x2  
  56  4:28  Spore Crawler  
  56  4:30  Overlord  
  52  4:41  Hydralisk Den  
  52  4:43  Evolution Chamber  
  51  4:45  Drone x2  
  51  4:46  Drone x2  
  51  4:48  Zergling x10  
  59  4:58  Drone x3, Overlord  
  62  5:03  Overlord  
  62  5:04  Overlord  
  62  5:10  Zerg Missile Weapons Level 1  
  62  5:17  Overlord  
  62  5:22  Drone x4  
  62  5:23  Drone  
  62  5:26  Overlord  
  65  5:36  Overlord  
  65  5:46  Grooved Spines, Hydralisk  
  65  5:47  Hydralisk x5  
  77  5:50  Overseer  
  77  5:56  Hydralisk x2  
  79  5:57  Hydralisk  
  79  6:02  Drone x3  
  87  6:04  Drone  
  87  6:08  Drone x4  
  91  6:15  Drone  
  91  6:17  Drone x4  
  91  6:18  Drone  
  96  6:19  Drone  
  96  6:21  Extractor  
  96  6:23  Extractor  
  95  6:28  Overlord  
  95  6:30  Drone x2  
  97  6:39  Hatchery  
  96  6:42  Drone  
  96  6:44  Spine Crawler  
  96  6:49  Lurker Den, Drone x3  
  98  6:55  Hydralisk x4  
  98  6:56  Hydralisk  
  108  7:04  Drone  
  108  7:05  Drone x5  
  113  7:12  Drone  
  113  7:13  Overlord  
  114  7:16  Overlord  
  114  7:21  Zerg Missile Weapons Level 2  
  114  7:23  Overlord  
  114  7:28  Muscular Augments  
  114  7:31  Extractor  
  114  7:33  Drone x3  
  114  7:34  Drone x2, Extractor  
  114  7:35  Overlord  
  117  7:42  Hydralisk  
  117  7:43  Hydralisk x4  
  127  7:46  Overlord x2  
  125  7:54  Hydralisk  
  125  7:55  Hydralisk x3  
  130  8:03  Spore Crawler, Drone x2  
  130  8:04  Drone, Overlord  
  132  8:10  Hydralisk x3  
  138  8:14  Overlord  
  138  8:19  Zergling x12  
  139  8:31  Zergling x12  
  145  8:36  Lurker x9  
  145  8:37  Lurker x2  
  156  8:43  Zergling x8  
  156  8:44  Zergling x2  
  161  8:53  Zergling x16  
  161  8:54  Zergling x2  
  169  9:01  Overlord  
  169  9:02  Lurker x5  
  175  9:03  Lurker  
  175  9:05  Hydralisk x2  
  175  9:06  Zergling x2  
  175  9:07  Zergling x2  
  181  9:19  Overlord  
  175  9:25  Hydralisk x6  
  188  9:31  Zergling x8  
  188  9:32  Overlord  
  188  9:34  Lurker  
  190  9:41  Zergling x10  
  190  9:45  Lurker x2  
  191  9:47  Zergling x2  
  191  9:48  Zergling x4, Overseer  
  191  9:51  Zergling x10  
  178  10:01  Hydralisk  
  178  10:02  Hydralisk x5  
  178  10:05  Zergling x6  
  193  10:10  Zergling x8  
Show
View Real Time Build Order
Export as new Build Order

Gentleprobe Protoss 

Build Orders: 1 Gate Expand, Oracle Opening, Phoenix Opening, Archon Immortal, Zealot Archon 

Get SALT Encoding   

  12  0:00  Probe  
  13  0:12  Probe  
  14  0:19  Pylon  
  14  0:24  Probe  
  15  0:33  Probe  
  15  0:41  Gateway, Probe  
  16  0:48  Assimilator  
  17  0:51  Probe  
  18  1:03  Probe  
  19  1:15  Probe  
  20  1:26  Nexus  
  20  1:37  Cybernetics Core  
  20  1:41  Probe  
  20  1:44  Assimilator  
  21  1:49  Probe  
  22  1:55  Pylon  
  22  1:59  Probe  
  23  2:04  Adept  
  23  2:13  Probe  
  26  2:18  Stargate  
  26  2:24  Adept  
  26  2:25  Probe  
  26  2:26  Warp Gate  
  29  2:37  Probe x2  
  31  2:48  Adept  
  31  2:49  Probe x2  
  35  2:58  Phoenix  
  35  3:01  Probe  
  35  3:05  Probe  
  39  3:11  Pylon  
  39  3:14  Probe  
  39  3:17  Oracle, Probe  
  41  3:26  Probe  
  45  3:30  Gateway  
  45  3:33  Probe  
  46  3:36  Probe  
  47  3:45  Pylon, Probe  
  47  3:46  Probe  
  48  3:53  Probe  
  49  3:57  Oracle  
  49  3:58  Probe  
  54  4:04  Probe  
  55  4:10  Probe, Nexus  
  56  4:19  Probe  
  56  4:21  Pylon  
  56  4:23  Assimilator  
  57  4:28  Assimilator, Probe  
  58  4:32  Robotics Facility  
  58  4:34  Probe  
  59  4:40  Probe  
  59  4:42  Forge, Probe  
  59  4:43  Twilight Council  
  60  4:48  Probe, Sentry  
  60  4:50  Probe  
  64  4:54  Pylon  
  64  4:55  Protoss Ground Weapons Level 1  
  64  4:57  Probe  
  65  5:00  Probe  
  67  5:07  Assimilator  
  67  5:09  Probe  
  67  5:10  Assimilator  
  67  5:12  Probe  
  69  5:15  Observer  
  69  5:17  Robotics Facility  
  69  5:19  Charge  
  69  5:23  Probe x2  
  69  5:25  Probe  
  73  5:28  Pylon  
  73  5:35  Probe x2, Warp Prism  
  75  5:37  Probe  
  76  5:44  Gateway  
  76  5:47  Gateway, Probe  
  79  5:50  Templar Archives  
  79  5:58  Gateway  
  79  6:00  Gateway  
  79  6:05  Immortal  
  79  6:09  Probe x2  
  79  6:10  Probe  
  86  6:18  Gateway, Psionic Storm  
  84  6:19  Gateway  
  84  6:21  Pylon  
  84  6:32  High Templar x2  
  88  6:37  Immortal  
  92  6:44  Shield Battery  
  92  6:46  High Templar x2  
  96  6:47  Shield Battery  
  96  6:50  Pylon  
  96  6:53  Protoss Ground Weapons Level 2  
  96  6:55  Shield Battery  
  96  6:57  Immortal  
  100  7:01  Pylon  
  100  7:13  High Templar  
  100  7:14  High Templar  
  104  7:18  Immortal  
  104  7:20  Phoenix  
  104  7:21  Pylon  
  108  7:24  Pylon  
  110  7:33  Photon Cannon  
  110  7:34  Photon Cannon x2  
  110  7:36  Archon  
  110  7:39  Immortal  
  110  7:43  Zealot x3  
  119  7:46  Phoenix  
  120  7:59  High Templar x2  
  120  8:03  Archon  
  124  8:08  Pylon  
  124  8:13  Phoenix, Nexus  
  124  8:16  Pylon  
  124  8:30  Pylon  
  124  8:31  Pylon  
  130  8:34  Immortal x2  
  130  8:36  Gateway  
  130  8:38  Phoenix  
  132  8:49  Photon Cannon  
  132  8:50  Photon Cannon  
  132  8:51  Shield Battery  
  132  8:53  Pylon  
  132  9:00  High Templar x2  
  134  9:06  High Templar  
  134  9:07  High Templar  
  134  9:09  Observer  
  138  9:10  Observer  
  140  9:23  Zealot x3  
  144  9:33  Zealot  
  144  9:34  Zealot x2  
  150  9:41  Zealot x2  
  154  9:47  Zealot  
  153  9:59  Zealot x3  
  127  10:00  Zealot x2  
  127  10:03  High Templar  
  127  10:04  High Templar  
  134  10:11  Zealot  
  104  10:20  Zealot x2  
  104  10:21  Zealot x3  
Tags
 
Add a new tag
Caveats
  • Supply blocks, unpowered buildings, or Contaminate may cause inaccurate times.
  • Supply counts are checked every 10 seconds.